 Dungeon Crawl Stone Soup version 0.23.1 (webtiles) character file.

Game seed: 4719692602952346940

30 Descartes the Vexing (level 3, -5/17 HPs)
             Began as a Vine Stalker Wanderer on Mar 12, 2019.
             Slain by a gnoll
             ... wielding a +0 club
              (6 damage)
             ... on level 2 of the Dungeon.
             The game lasted 00:03:01 (937 turns).

Descartes the Vexing (Vine Stalker Wanderer)         Turns: 937, Time: 00:03:02

Health: -5/17      AC:  3    Str: 12    XL:     3   Next: 20%
Magic:  0/7        EV: 11    Int: 20    God:
Gold:   44         SH:  0    Dex: 13    Spells: 4/6 levels left

rFire    . . .     SeeInvis .   a - +2 spear
rCold    . . .     Gourm    .   (no shield)
rNeg     . . .     Faith    .   d - +0 robe
rPois    .         Spirit   +   g - +0 helmet
rElec    .         Reflect  .   (no cloak)
rCorr    .         Harm     .   (no gloves)
MR       .....                  (no boots)
Stlth    ++........             (no amulet)
HPRegen  0.05/turn              (no ring)
MPRegen  0.10/turn              (no ring)

@: brilliant, flying
A: fangs 2, magic shield, antimagic bite, no potion heal 3, rot immunity
a: no special abilities


You were on level 2 of the Dungeon.
You were not hungry.

You visited 1 branch of the dungeon, and saw 2 of its levels.

You collected 44 gold pieces.

Inventory:

Hand Weapons
 a - a +2 spear (weapon)
Missiles
 b - 46 stones
 e - 15 poisoned needles (quivered)
 h - 16 bolts
 m - 16 sling bullets
Armour
 d - a +0 robe (worn)
 g - a +0 helmet (worn)
 n - a +0 large shield
Scrolls
 k - a scroll of teleportation {unknown}
 l - 2 scrolls of remove curse {unknown}
Comestibles
 c - 2 chunks of flesh
 f - 3 rations


   Skills:
 + Level 0.6 Fighting
 + Level 1.8 Polearms
 - Level 1.0 Throwing
 + Level 0.1 Dodging
 + Level 1.4 Stealth
 + Level 1.0 Shields
 * Level 0.8 Unarmed Combat
 * Level 2.3 Spellcasting
 * Level 3.2 Hexes
 * Level 1.1 Earth Magic


You had 4 spell levels left.
You knew the following spells:

 Your Spells              Type           Power        Failure   Level  Hunger
a - Confusing Touch       Hex            ####..       1%          1    #......
b - Sandblast             Erth           ###...       1%          1    #......

Your spell library contained the following spells:

 Spells                   Type           Power        Failure   Level  Hunger
 Confuse                  Hex            ####....     1%          3    ###....
 Stone Arrow              Conj/Erth      ###...       4%          3    ###....


Dungeon Overview and Level Annotations

Branches:
Dungeon (2/15)

Altars:


Innate Abilities, Weirdness & Mutations

You have extremely sharp teeth.
When hurt, damage is shared between your health and your magic reserves.
Your bite disrupts and absorbs the magic of your enemies.
Potions cannot restore your health.
You are immune to rotting.


Message History

You are too injured to fight recklessly!
You are too injured to fight recklessly!
You are too injured to fight recklessly!
It was a potion of flight.
You feel very buoyant.
You fly up into the air.
The gnoll hits you with a +0 club.
It was a potion of brilliance.
You feel clever all of a sudden. The gnoll hits you with a +0 club.
Cast which spell? (? or * to list)
Okay, then.
Sorry, you're not good enough to have a special ability.
Cast which spell? (? or * to list)
Your hands begin to glow red.
The gnoll hits you with a +0 club.
* * * LOW HITPOINT WARNING * * *
You hit the gnoll but do no damage.
The gnoll appears confused.
You bite the gnoll. You drain its power.
You feel invigorated.
The gnoll is heavily wounded.
The gnoll hits you with a +0 club!
You die...

#. ##. ... $..
#.# # #.# #.###
#.# .....# #@#
..#...##g#
.......#g# #
.......gw#.#
#.##.###...#
#........g...
....###.####.#.
.. .#. # # #


You could see a worm, 2 gnolls and a hobgoblin.

Vanquished Creatures
  A gnoll (D:2)
  A dart slug (D:1)
  A leopard gecko (D:1)
  A giant cockroach (D:1)
  A goblin (D:1)
  3 jackals (D:1)
  2 kobolds (D:1)
  4 bats (D:1)
  2 frilled lizards (D:1)
  A rat (D:1)
17 creatures vanquished.

Notes
Turn   | Place    | Note
-------+----------+-------------------------------------------
     0 | D:1      | Descartes the Vine Stalker Wanderer began the quest for the
                  | Orb.
     0 | D:1      | Descartes set off with the following items: a +2 spear, a
                  | +0 robe, a ration; and the following spells available to
                  | memorise: Confusing Touch, Confuse, Sandblast, Stone Arrow
     0 | D:1      | Reached XP level 1. HP: 9/9 MP: 4/4
     2 | D:1      | Learned a level 1 spell: Confusing Touch
     4 | D:1      | Learned a level 1 spell: Sandblast
   268 | D:1      | Reached XP level 2. HP: 13/13 MP: 6/6
   797 | D:1      | Reached skill level 1 in Earth Magic
   931 | D:2      | Reached XP level 3. HP: 17/17 MP: 7/7
   937 | D:2      | Slain by a gnoll

Skill      XL: |  1  2 |
---------------+-------+-----
Earth Magic    | 1 |  1.1
Fighting       | |  0.6
Polearms       | |  1.8
Throwing       | |  1.0
Dodging        | |  0.1
Stealth        | |  1.4
Shields        | |  1.0
Unarmed Combat | |  0.8
Spellcasting   | |  2.3
Hexes          | |  3.2

Action                   || total
-------------------------++-------
Melee: Spear             ||    56
       Bite              ||     9
 Cast: Confusing Touch   ||     1
  Use: Potion            ||     2
 Stab: Sleeping          ||     3
Armor: Robe              ||     6
Dodge: Dodged            ||    16
